 Dungeon Crawl Stone Soup version 0.25-a0-589-g1e14c549ee (webtiles) character file.

Game seed: 6000052951146972589, levelgen mode: deterministic

50 Gargoyl the Skirmisher (level 3, -3/33 HPs)
             Began as a Centaur Abyssal Knight on Mar 11, 2020.
             Was a Follower of Lugonu.
             Slain by a raiju (5 damage)
             ... on level 3 of the Abyss.
             The game lasted 00:01:15 (303 turns).

Gargoyl the Skirmisher (Centaur Abyssal Knight)      Turns: 303, Time: 00:01:16

Health: -3/33      AC:  4    Str: 14    XL:     3   Next: 55%
Magic:  4/4        EV:  9    Int: 11    God:    Lugonu [*.....]
Gold:   99         SH:  0    Dex:  9    Spells: 2/2 levels left

rFire    . . .     SeeInvis .   a - +1 hand axe
rCold    . . .     Gourm    .   (no shield)
rNeg     . . .     Faith    .   b - +0 leather armour
rPois    .         Spirit   .   (no helmet)
rElec    .         Reflect  .   (no cloak)
rCorr    .         Harm     .   (no gloves)
MR       .....                  (no barding)
Stlth    ..........             (no amulet)
HPRegen  0.11/turn              (no ring)
MPRegen  0.09/turn              (no ring)

@: very quick
A: large, hooves 3, deformed body, speed 2, tough skin 3
a: Depart the Abyss, Renounce Religion


You were on level 3 of the Abyss.
You worshipped Lugonu.
Lugonu was aware of your devotion.
You were not hungry.

You visited 0 branches of the dungeon, and saw 0 of its levels.
You visited the Abyss 1 time.

You collected 99 gold pieces.

Inventory:

Hand Weapons
 a - a +1 hand axe (weapon)
Armour
 b - a +0 leather armour (worn)
Wands
 e - a wand of clouds (2)
Potions
 d - 2 potions of stabbing
Comestibles
 c - a ration


   Skills:
 + Level 4.0 Fighting
 + Level 2.1 Axes
 + Level 1.7 Armour
 + Level 0.6 Dodging
 + Level 2.3 Invocations


You had 2 spell levels left.
You didn't know any spells.
Your spell library was empty.

Dungeon Overview and Level Annotations

Branches:
Dungeon (0/15)

Altars:


Innate Abilities, Weirdness & Mutations

You have hooves in place of feet.
Armour fits poorly on your strangely shaped body.
You cover ground very quickly.
You have extremely tough skin. (AC +3)


Message History

The living lightning hits you.
The raiju blinks!
Unknown command.
Aiming: Cloud Cone
Press: ? - help, Dir - move target cursor, f - raiju
Aim: a raiju You create a blast of poison gas!
The raiju is engulfed in poison gas.
The raiju is poisoned.
The raiju bites you but does no damage.
Unknown command.
You barely miss the raiju.
The raiju is lightly wounded.
The raiju is engulfed in poison gas.
The raiju looks even sicker.
The raiju bites you. The raiju shocks you!
Unknown command.
You miss the raiju. You kick the raiju, but do no damage.
The raiju is moderately wounded.
The raiju looks even sicker.
The raiju bites you! The raiju shocks you!
* * * LOW HITPOINT WARNING * * *
The raiju is engulfed in poison gas.
The raiju looks as sick as possible!
The raiju bites you.
You die...

. .#. #. ..#. ..
..... ...
..#....# # .#
.#..°... ∩#.#.○
....# ##...○
R...# #§§#R##...#
### ##h@#....#
#.#####§...#.#
#.#..........#
##.#.###.###.#..#
#...#.##.##.#...#
...#..#... .####
. ....#.#. ..# #
..... .#. .# §#.
#. # ###.##


You could see an efreet and a raiju.

Vanquished Creatures
  A small abomination (Abyss:3)
1 creature vanquished.

Notes
Turn   | Place    | Note
-------+----------+-------------------------------------------
     0 | Abyss:1  | Gargoyl the Centaur Abyssal Knight began the quest for the
                  | Orb.
     0 | Abyss:1  | Reached XP level 1. HP: 19/19 MP: 2/2
   100 | Abyss:1  | Found a corrupted altar of Lugonu.
   126 | Abyss:1  | Noticed a starcursed mass
   165 | Abyss:1  | Noticed a worldbinder
   192 | Abyss:1  | Noticed a deep elf mage
   201 | Abyss:1  | Noticed a large abomination
   211 | Abyss:1  | Noticed a deep elf knight
   274 | Abyss:3  | Noticed a small abomination
   279 | Abyss:3  | Killed a small abomination
   279 | Abyss:3  | Reached skill level 4 in Fighting
   279 | Abyss:3  | Reached XP level 2. HP: 27/27 MP: 3/3
   279 | Abyss:3  | Reached XP level 3. HP: 33/33 MP: 4/4
   295 | Abyss:3  | Noticed an efreet
   298 | Abyss:3  | Noticed a raiju
   303 | Abyss:3  | Slain by a raiju

Levels and vault maps discovered:
Abyss:3:  evilmike_abyss_rune_ettins, hangedman_abyss_overflow_altar

Skill      XL: |  1 |
---------------+----+-----
Fighting       | 4 |  4.0
Axes           | 2 |  2.1
Armour         | |  1.7
Dodging        | |  0.6
Invocations    | |  2.3

Action                   || total
-------------------------++-------
Melee: Hand axe          ||     3
       Kick              ||     1
Evoke: Wand              ||     3
  Use: Scroll            ||     1
       Potion            ||     1
Armor: Leather armour    ||     1

Table legend:
 A = Non-vault XP
 B = Vault XP
 C = Vault XP percentage of total XP
 D = Non-vault monster count
 E = Vault monster count
 F = Vault count percentage of total count
                 A         B        C        D         E       F
            +---------+---------+-------+---------+---------+-------
      Total |      72 |       0 |   0.0 |       1 |       0 |   0.0
            +---------+---------+-------+---------+---------+-------
    Abyss:3 |      72 |       0 |   0.0 |       1 |       0 |   0.0
            +---------+---------+-------+---------+---------+-------
